 Dungeon Crawl Stone Soup version 0.28.0-53-g5a82cb258f (webtiles) character file.

Game seed: 6310032540482070302

221 infcreate the Sneak (level 5, -4/28 HPs)
             Began as a Vampire Enchanter on Aug 5, 2022.
             Slain by a gnoll
             ... wielding a +0 flail
              (5 damage)
             ... on level 3 of the Dungeon.
             The game lasted 00:07:13 (3805 turns).

infcreate the Sneak (Vampire Enchanter)             Turns: 3805, Time: 00:07:13

Health: -4/28      AC:  2    Str:  7    XL:     5   Next: 65%
Magic:  2/9        EV: 13    Int: 18    God:
Gold:   146        SH:  0    Dex: 16    Spells: 1/9 levels left

rFire   . . .      SeeInvis +   a - +1 dagger
rCold   + + .      Faith    .   (no shield)
rNeg    + + +      Spirit   .   b - +0 robe
rPois   ∞          Reflect  .   (no helmet)
rElec   .          Harm     .   (no cloak)
rCorr   .          Rampage  .   (no gloves)
Will    .....                   (no boots)
Stlth   +++++.....              (no amulet)
HPRegen 0.00/turn               (no ring)
MPRegen 0.11/turn               (no ring)

@: confusing by touch, bloodless, inhibited regen
A: bloodless, fangs 3, see invisible, vampiric 2
a: Bat Form, Revivify


You were on level 3 of the Dungeon.
You visited 1 branch of the dungeon, and saw 4 of its levels.

You collected 146 gold pieces.


Innate Abilities, Weirdness & Mutations

You do not regenerate when monsters are visible.
You are frail without blood (-20% HP).
You can heal yourself when you bite living creatures.
You are immune to poison.
You have razor-sharp teeth.
You have supernaturally acute eyesight. (SInv)
You are afflicted with vampirism and can become a bat while bloodless.


   Skills:
 + Level 2.8 Short Blades
 + Level 3.5 Dodging
 + Level 5.9 Stealth
 + Level 2.9 Spellcasting
 + Level 5.7 Hexes


You had one spell level left.
You knew the following spells:

 Your Spells              Type           Power      Damage    Failure   Level
c - Confusing Touch       Hex            23%        N/A       4%          3
d - Tukima's Dance        Hex            23%        N/A       4%          3
e - Ensorcelled Hibernat  Hex/Ice        26%        N/A       8%          2

Your spell library contained the following spells:

 Spells                   Type           Power      Damage    Failure   Level
 Beastly Appendage        Tmut           4%         N/A       17%         1
 Dazzling Flash           Conj/Hex       26%        N/A       16%         3
 Wereblood                Tmut           2%         N/A       26%         2
 Ozocubu's Armour         Ice            2%         N/A       45%         3
 Spider Form              Tmut/Pois      2%         N/A       45%         3
 Ozocubu's Refrigeration  Ice            1%         4d5       100%        7

Inventory:

Hand Weapons
 a - a +1 dagger (weapon)
Missiles
 k - 59 stones (quivered)
Armour
 b - a +0 robe (worn)
Magical Staves
 f - a staff of cold {!a}
Wands
 p - a wand of iceblast (10)
Scrolls
 e - 3 scrolls of vulnerability {unknown}
 h - a scroll of fog {unknown}
 i - a scroll of enchant armour {unknown}
 j - a scroll of noise {unknown}
 l - 2 scrolls of immolation {unknown}
 m - 3 scrolls of identify {unknown}
 n - 2 scrolls of amnesia {unknown}
 q - a scroll of holy word {unknown}
Potions
 c - a potion of invisibility
 d - a potion of lignification {unknown}
 g - 2 potions of haste {unknown}
 o - 2 potions of curing {unknown}

Dungeon Overview and Level Annotations

Branches:
Dungeon (4/15)
 Temple: D:4-7

Altars:
Ashenzari

Annotations:
D:4 Eustachio

..## #.)..# #o# ##.## ###).#
#.# ###.# #..# #.## .##.###
#..# #..# .##...# #..# ##.#
.#..▒.# #..# #.# ...▒▒.# #.##
#.# ..▒▒▒.# #g# #.# .▒▒.▒.#
#@# #.# ▒▒.8'.# #B# #†#
▒...▒.# #>### #.# ...▒▒.#
#.†.# #.###
..▒▒.###########.#.#### ##...#
.▒▒........[.....#....###..#.#
▒▒....#.######.###.##........#
▒.....#.# #.# #.##.#..▒...#
......#.######.###.##..#..▒..#


You could see a gnoll and a giant cockroach.


Message History

The giant cockroach is moderately wounded.
The giant cockroach bites you but does no damage.
You barely miss the gnoll.
The gnoll is lightly wounded.
The giant cockroach misses you.
You hit the giant cockroach but do no damage.
The giant cockroach is moderately wounded.
The giant cockroach bites you.
You barely miss the giant cockroach.
The giant cockroach is moderately wounded.
The gnoll seems less confused.
The giant cockroach bites you. The gnoll hits you with a +0 flail!
* * * LOW HITPOINT WARNING * * *
You hit the gnoll.
The gnoll is moderately wounded.
The giant cockroach closely misses you. The giant cockroach closely misses you.
The gnoll misses you. The giant cockroach closely misses you.
You climb upwards.
There is a stone staircase leading down here.
Casting: Confusing Touch (quite dangerous; 4% risk of failure)
Confirm with . or Enter, or press ? or * to list all spells.
The spell is quite dangerous to miscast (4% risk of failure)!
Continue anyway?
Your hands begin to glow red.
The gnoll hits you with a +0 flail!
* * * LOW HITPOINT WARNING * * *
The giant cockroach bites you but does no damage.
You hit the gnoll but do no damage.
The gnoll is moderately wounded.
The gnoll hits you with a +0 flail.
You die...

Skill      XL: |  1  2  3  4 |
---------------+-------------+-----
Stealth        | 5 |  5.9
Short Blades   | 2 |  2.8
Hexes          | 5 |  5.7
Dodging        | 3 |  3.5
Spellcasting   | |  2.9

Action                   |  1- 3 |  4- 6 || total
-------------------------+-------+-------++-------
Melee: Dagger            |    64 |   100 ||   164
       Bite              |     3 |     8 ||    11
Throw: Javelin           |     3 |       ||     3
       Stone             |     3 |       ||     3
 Cast: Ensorcelled Hiber |    19 |     9 ||    28
       Confusing Touch   |     1 |    17 ||    18
       Tukima's Dance    |       |     2 ||     2
 Abil: Exsanguinate      |     1 |       ||     1
 Stab: Sleeping          |    28 |    14 ||    42
       Confused          |     1 |     7 ||     8
       Distracted        |       |     1 ||     1
Armor: Robe              |     4 |     8 ||    12
Dodge: Dodged            |    18 |    52 ||    70

Levels and vault maps discovered:
D:1:      co_arrival_square_in_a_square_in_a_square, layout_basic,
          hangedman_decor_push
D:2:      layout_basic, basic_altar
D:3:      layout_loops_ring, nicolae_ecumenical_lake_church,
          hangedman_decor_peaks_small, grunt_decor_arrowhead,
          hangedman_abyss_or_decor_lesser_grid
D:4:      layout_cave_pools, minmay_temple_entry_waves, minmay_quadrilaterals,
          uniq_eustachio

Notes
Turn   | Place    | Note
-------+----------+-------------------------------------------
     0 | D:1      | infcreate the Vampire Enchanter began the quest for the
                  | Orb.
     0 | D:1      | Reached XP level 1. HP: 13/13 MP: 3/3
   375 | D:1      | Reached XP level 2. HP: 15/15 MP: 5/5
   378 | D:1      | Learned a level 2 spell: Ensorcelled Hibernation
  1071 | D:2      | Found a broken altar of Ashenzari.
  1268 | D:2      | Gained mutation: You are afflicted with vampirism and can
                  | become a bat while bloodless. [Vampire growth]
  1268 | D:2      | Reached XP level 3. HP: 19/19 MP: 6/6
  1272 | D:2      | Learned a level 3 spell: Confusing Touch
  1665 | D:3      | Found a faded altar of an unknown god.
  1766 | D:3      | Reached skill level 5 in Stealth
  2037 | D:3      | Reached skill level 2 in Short Blades
  2037 | D:3      | Reached skill level 5 in Hexes
  2037 | D:3      | Reached XP level 4. HP: 7/24 MP: 0/7
  2507 | D:3      | Reached skill level 3 in Dodging
  3142 | D:4      | Noticed Eustachio
  3320 | D:4      | Reached XP level 5. HP: 15/28 MP: 1/9
  3663 | D:3      | Learned a level 3 spell: Tukima's Dance
  3804 | D:3      | HP: 1/28 [gnoll/+0 flail (10)]
  3805 | D:3      | Slain by a gnoll

Vanquished Creatures
  An orc priest (D:3)
  3 orc wizards
  3 gnolls
  An adder (D:3)
  A worm (D:2)
  A dart slug (D:3)
  6 orcs
  5 ball pythons
  5 bats
  2 endoplasms (D:1)
  A giant cockroach (D:1)
  8 goblins
  6 hobgoblins
  9 jackals
  4 kobolds
  2 quokkas (D:2)
  A frilled lizard (D:1)
  6 rats
65 creatures vanquished.

Vanquished Creatures (others)
  A dancing weapon (D:4)
1 creature vanquished.

Grand Total: 66 creatures vanquished

Table legend: (Time is in decaauts)
 A = Elapsed time spent in this place.
 B = Non-inter-level travel time spent in this place.
 C = Inter-level travel time spent in this place.
 D = Time resting spent in this place.
 E = Time spent auto-exploring this place.
 F = Levels seen in this place.
 G = Mean time per level.
                   A        B        C        D        E       F      G
               +--------+--------+--------+--------+--------+-----+--------+
         Total |   3792 |   3598 |    194 |    341 |   2539 |   4 |  948.0 |
       Dungeon |   3792 |   3598 |    194 |    341 |   2539 |   4 |  948.0 |
               +--------+--------+--------+--------+--------+-----+--------+

Top non-repeatable levels by time:
     D:3: 1628 daAuts
     D:2: 932 daAuts
     D:1: 731 daAuts
     D:4: 500 daAuts

Table legend:
 A = Non-vault XP
 B = Vault XP
 C = Vault XP percentage of total XP
 D = Non-vault monster count
 E = Vault monster count
 F = Vault count percentage of total count
                 A         B        C        D         E       F
            +---------+---------+-------+---------+---------+-------
      Total |     307 |       9 |   2.8 |      61 |       4 |   6.2
            +---------+---------+-------+---------+---------+-------
        D:1 |      21 |       0 |   0.0 |      12 |       0 |   0.0
        D:2 |      26 |       0 |   0.0 |      14 |       0 |   0.0
        D:3 |     162 |       0 |   0.0 |      26 |       0 |   0.0
        D:4 |      98 |       9 |   8.4 |       9 |       4 |  30.8
            +---------+---------+-------+---------+---------+-------
